Cogmind - Beta 17 @@@ ROGUE MODE // 2026.07.21 @ 19:13:22 Player: Arttano Result: Destroyed by D-53 Grenadier with Mini Grenade Launcher Performance ------------- Evolutions (1) 500 Regions Visited (4) 800 Robots Destroyed (37) 185 Value Destroyed (758) 758 Prototype IDs (2) 40 Alien Tech Used (0) 0 Bonus (40) 40 TOTAL SCORE: 2323 Bonus ------- High Alert Combat Kills 40 Cogmind --------- Core Integrity 0/400 Matter 199/300 Energy 93/100 System Corruption 0% Temperature Cool (0) Movement Core (350) Ox6 Location -9/Mines Parts ------- > --- POWER (1) -------- (None) > --- PROPULSION (3) --- Wheel > --- UTILITY (3) ------ Large Storage Unit > --- WEAPON (2) ------- Light Assault Rifle > --- INVENTORY (15) --- Light Ion Engine Light Ion Engine Signal Interpreter Improved Terrain Scanner ECM Suite EM Pulse Gun Small Laser Light Assault Rifle Light Assault Rifle Mini Grenade Launcher Mini Grenade Launcher Hammer Peak State ------------ > --- POWER ------------ Ion Engine > --- PROPULSION ------- Light Treads Light Treads Wheel > --- UTILITY ---------- Large Storage Unit Sensor Array Light Armor Plating > --- WEAPON ----------- Light Assault Rifle Rocket Launcher > --- INVENTORY -------- Light Ion Engine Light Treads Wheel Signal Interpreter Improved Terrain Scanner Seismic Detector EM Pulse Gun Small Laser Light Assault Rifle Grenade Launcher Hammer [Rating: 11] Favorites ----------- Power Ion Engine Engine Ion Engine Propulsion Light Treads Treads Light Treads Leg Aluminum Leg Wheel Wheel Utility Large Storage Unit Device Seismic Detector Storage Large Storage Unit Protection Light Armor Plating Weapon Light Assault Rifle Energy Gun EM Pulse Gun Ballistic Gun Light Assault Rifle Launcher Grenade Launcher Build | -11 -10 -10 -9 -9 ------- Run | Yrd Mat Min Mat Min Slots Evolved 2 | . . . 2 . Power . | . . . . . Propulsion 1 | . . . 1 . Utility 1 | . . . 1 . Weapon . | . . . . . Parts Attached 17 | 3 4 2 5 3 Power 1 | . . . 1 . Engine 1 | . . . 1 . Core . | . . . . . Reactor . | . . . . . Propulsion 5 | 2 . . 2 1 Treads 3 | 1 . . 2 . Leg . | . . . . . Wheel 2 | 1 . . . 1 Hover . | . . . . . Flight . | . . . . . Utility 5 | 1 3 . 1 . Device 2 | 1 . . 1 . Storage 2 | . 2 . . . Processor . | . . . . . Hackware . | . . . . . Protection 1 | . 1 . . . Artifact . | . . . . . Weapon 6 | . 1 2 1 2 Energy Gun . | . . . . . Energy Cannon . | . . . . . Ballistic Gun 4 | . 1 1 . 2 Ballistic Cannon . | . . . . . Launcher 2 | . . 1 1 . Special Weapon . | . . . . . Impact Weapon . | . . . . . Slashing Weapon . | . . . . . Piercing Weapon . | . . . . . Special Melee Weapon . | . . . . . Unidentified Prototypes . | . . . . . Parts Lost 12 | . . 1 3 8 Power 2 | . . 1 . 1 Propulsion 4 | . . . 1 3 Utility 3 | . . . 1 2 Weapon 3 | . . . 1 2 Highest Loss Streak 8 | . . 1 2 8 To Critical Strikes . | . . . . . Average Backups 10 | 7 10 13 10 13 Power 1 | 1 2 2 1 1 Propulsion 2 | 3 2 3 1 . Utility 2 | . 3 4 2 2 Weapon 3 | 1 2 4 5 7 Tool/Special . | . . . . . Unused Backups 18 | 6 2 1 . 9 Power 4 | 1 . 1 . 2 Propulsion 2 | 2 . . . . Utility 6 | 1 2 . . 3 Weapon 6 | 2 . . . 4 Tool/Special . | . . . . . Average Slot Usage (%) 99 | . 100 99 98 97 Engine 12 | . 14 13 11 10 Treads 16 | . 14 14 21 21 Wheel 12 | . 14 14 11 10 Device 12 | . 12 . 12 21 Storage 12 | . 14 14 11 11 Protection 4 | . 1 14 8 . Energy Gun 5 | . 10 . . . Ballistic Gun 16 | . 17 27 12 11 Launcher 3 | . . . 9 10 Peak Build Rating 11 | 8 8 9 11 10 Average Rating 8 | 6 8 7 10 9 On Entrance 7 | 6 8 8 7 10 Avg Prop Armor Cover (%) 12 | . 8 10 15 19 Naked Turns . | . . . . . Heaviest Build 34 | 14 30 30 34 31 Greatest Support 20 | 20 20 10 10 20 Greatest Overweight (x) 3 | 1 2 2 3 3 Average Overweight (x) 1 | . . 2 2 2 Largest Inventory Capacity 15 | 8 15 15 15 15 Average Capacity 12 | 8 11 15 15 15 Most Carried 14 | 8 13 14 13 14 Average Carried 10 | 7 10 13 10 13 Final Capacity 15 | 8 15 15 15 15 Final Carried 14 | 7 13 14 10 12 Class Distribution -------------------- 100% | Mutant Dominant Class ---------------- Mutant | -10/Materials Mutant | -10/Mines Mutant | -9/Materials Mutant | -9/Mines Resources | -11 -10 -10 -9 -9 ----------- Run | Yrd Mat Min Mat Min Matter Collected 570 | 239 68 23 36 204 Remotely . | . . . . . Salvage Created 733 | 165 194 54 293 27 Parts 62 | 12 8 1 36 5 Haulers Intercepted . | . . . . . Recyclers Shooed 1 | . . . 1 . Parts Field Recycled . | . . . . . Retrieved Matter . | . . . . . Parts Self-Destructed . | . . . . . Prevented . | . . . . . Parts Restored . | . . . . . Kills | -11 -10 -10 -9 -9 ------- Run | Yrd Mat Min Mat Min Combat Hostiles Destroyed 29 | . 6 2 18 3 Guns 8 | . 6 . 1 1 AOE 21 | . . 2 17 2 Classes Destroyed 6 | 2 2 . 2 . Builder 1 | . . . 1 . Tunneler 5 | 4 . . 1 . Recycler 2 | 1 . . 1 . Swarmer 17 | . 3 . 11 3 Grunt 10 | . 3 2 5 . Sentry 2 | . . . 2 . Best Kill Streak 7 | 2 3 2 7 3 Combat Bots Only 7 | . 3 2 7 3 Max Kills in Single Turn 4 | 1 2 1 4 2 Gunslinging 1 | . 1 . . . Exploded 4 | . . 1 4 2 Melee . | . . . . . Uniques/NPCs Destroyed . | . . . . . Combat | -11 -10 -10 -9 -9 -------- Run | Yrd Mat Min Mat Min Hostile Shots Fired 120 | . 34 14 48 24 Missed 32 | . 12 3 15 2 Hits 88 | . 22 11 33 22 Projectile 88 | . 22 11 33 22 AOE 16 | . . . . 16 Damage Taken 1739 | 32 249 159 475 824 Core 512 | . 74 30 7 401 Absorbed by Shields . | . . . . . Core Remaining (%) 79 | 100 . 58 . . Volleys Fired 66 | 16 19 3 21 7 Largest 2 | 2 2 1 2 2 Hottest 60 | 60 60 33 53 50 Shots Fired 115 | 32 38 3 30 12 Gun 88 | 32 38 . 10 8 Cannon . | . . . . . Launcher 27 | . . 3 20 4 Special . | . . . . . Kinetic 55 | 16 21 . 10 8 Thermal . | . . . . . Explosive 27 | . . 3 20 4 Electromagnetic 33 | 16 17 . . . Robot Hit Streak 8 | 5 5 8 6 2 Robot Miss Streak 2 | 2 1 . 1 2 Penetration Max . | . . . . . Secondary Targets 1 | . 1 . . . Max Gunslinging Chain 1 | . 1 . . . Shots Hit Robots 78 | 21 28 3 21 5 Core Hits 58 | 7 11 4 30 6 Critical Kills . | . . . . . Critical Parts Destroyed . | . . . . . Critical Strikes . | . . . . . Melee Attacks . | . . . . . Impact . | . . . . . Slashing . | . . . . . Piercing . | . . . . . Sneak Attacks . | . . . . . Combat Hostiles . | . . . . . Follow-up Attacks . | . . . . . Damage Inflicted 2206 | 256 284 158 1326 182 Guns 589 | 215 284 . 54 36 Cannons . | . . . . . Explosions 1617 | 41 . 158 1272 146 Melee . | . . . . . Ramming . | . . . . . Kinetic 287 | 78 119 . 54 36 Thermal 41 | 41 . . . . Explosive 1576 | . . 158 1272 146 Electromagnetic 302 | 137 165 . . . Impact . | . . . . . Slashing . | . . . . . Piercing . | . . . . . Highest Corruption . | . . . . . Average Corruption . | . . . . . Corruption Purged . | . . . . . Corruption Blocked . | . . . . . Overload Shots . | . . . . . Overflow Damage 98 | . . . 64 34 Projectiles . | . . . . . Explosions 98 | . . . 64 34 Melee . | . . . . . Knockbacks . | . . . . . Impact . | . . . . . Kinetic . | . . . . . Secondary . | . . . . . Self-Inflicted Damage 158 | 33 . . 69 56 Shots 6 | 1 . . 3 2 Rammed . | . . . . . Targets Rammed . | . . . . . Kicked . | . . . . . Crushed . | . . . . . Highest Temperature 58 | 40 58 15 22 4 Average Temperature 18 | 18 24 11 7 3 Received Heat Transfer 285 | . 99 57 129 . Siege Activations . | . . . . . Martial Activations . | . . . . . Shielding Activations . | . . . . . Robots Disrupted . | . . . . . Combat Hostiles . | . . . . . Robots Corrupted . | . . . . . Combat Hostiles . | . . . . . Parts Fried . | . . . . . Impact Corruptions . | . . . . . Robots Melted . | . . . . . Combat Hostiles . | . . . . . Parts Melted . | . . . . . Heat Transferred 50 | 50 . . . . Parts Sabotaged . | . . . . . Parts Stolen . | . . . . . Parts Stripped . | . . . . . Power Chain Reactions 1 | 1 . . . . Alert | -11 -10 -10 -9 -9 ------- Run | Yrd Mat Min Mat Min Maximum Alert Level 2 | . . . 2 1 Low Security (%) 74 | 100 100 100 24 19 Level 1 16 | . . . 32 80 Level 2 9 | . . . 43 . Level 3 . | . . . . . Level 4 . | . . . . . Level 5 . | . . . . . High Security . | . . . . . Max Security . | . . . . . Peak Influence 545 | 10 100 66 545 274 Initial 196 | . . 24 5 196 Average 104 | 1 23 22 306 226 Influence Increases 1076 | 25 200 66 690 95 Destroy 0b10 Robot/C 580 | . 120 40 360 60 Destroy 0b10 Robot/NC 40 | 25 . . 15 . Destroy Leader 110 | . 20 10 70 10 Successful Hack 23 | . . . 23 . Disable Machine 120 | . . . 120 . Destroy Structure 143 | . . 16 102 25 Lose Combat Pursuer 60 | . 60 . . . Influence Decreases 955 | 25 137 113 201 479 Entered New Map 359 | . . 39 11 309 Time Decay 476 | 25 137 64 160 90 Lost Part 120 | . . 10 30 80 Squads Dispatched 2 | . . . 2 . Investigation 1 | . . . 1 . Extermination . | . . . . . Reinforcement 1 | . . . 1 . Assault . | . . . . . Garrison . | . . . . . Intercept . | . . . . . Searches Triggered . | . . . . . Construction Impeded . | . . . . . Haulers Reinforced . | . . . . . Active Scanning Responses . | . . . . . Cargo Convoy Interrupts . | . . . . . Stealth | -11 -10 -10 -9 -9 --------- Run | Yrd Mat Min Mat Min Distress Signals 2 | . 1 . 1 . Communications Jammed . | . . . . . Distress Signals . | . . . . . Times Spotted 48 | . 14 4 25 5 Peak Tracking Total 5 | . 3 2 5 3 Tactical Retreats 3 | . 3 . . . Traps | -11 -10 -10 -9 -9 ------- Run | Yrd Mat Min Mat Min Traps Triggered 1 | . . . 1 . Indirectly . | . . . . . Trap Hack Attempts . | . . . . . Triggered . | . . . . . Disarmed . | . . . . . Reprogrammed . | . . . . . Reused . | . . . . . Traps Extracted . | . . . . . Installed . | . . . . . Triggered . | . . . . . Machines | -11 -10 -10 -9 -9 ---------- Run | Yrd Mat Min Mat Min Machines Disabled 8 | . . . 8 . Max in Single Turn 2 | . . . 2 . Machines Repaired . | . . . . . Machines Dismantled . | . . . . . Machines Sabotaged . | . . . . . Overloaded Fab Kills . | . . . . . Hacking | -11 -10 -10 -9 -9 --------- Run | Yrd Mat Min Mat Min Machines Accessed 6 | . 3 . 3 . Terminals 6 | . 3 . 3 . Fabricators . | . . . . . Repair Stations . | . . . . . Recycling Units . | . . . . . Scanalyzers . | . . . . . Garrison Access . | . . . . . Total Hacks 19 | . 8 . 11 . Successful 10 | . 3 . 7 . Failed 9 | . 5 . 4 . Catastrophic 2 | . 1 . 1 . Database Lockouts . | . . . . . Manual 12 | . 6 . 6 . Terminals 19 | . 8 . 11 . Fabricators . | . . . . . Repair Stations . | . . . . . Recycling Units . | . . . . . Scanalyzers . | . . . . . Garrison Access . | . . . . . Terminal Hacks 8 | . 3 . 5 . Robot Analysis 1 | . 1 . . . Prototype ID Bank 1 | . . . 1 . Terminal Index 3 | . 1 . 2 . Hauler Manifests 2 | . 1 . 1 . Registered Components 1 | . . . 1 . Fabricator Hacks . | . . . . . Repair Station Hacks . | . . . . . Recycling Unit Hacks . | . . . . . Scanalyzer . | . . . . . Garrison Access Hacks . | . . . . . Unauthorized Hacks 2 | . . . 2 . Terminals 2 | . . . 2 . Botnet 1 | . . . 1 . Operators 1 | . . . 1 . Fabricators . | . . . . . Repair Stations . | . . . . . Recycling Units . | . . . . . Scanalyzers . | . . . . . Garrison Access . | . . . . . Data Cores Recovered . | . . . . . Used . | . . . . . Hacking Detections 5 | . 2 . 3 . Full Trace Events . | . . . . . Feedback Events . | . . . . . Feedback Blocked . | . . . . . Robot Schematics Acquired . | . . . . . Robots Built . | . . . . . Authchips . | . . . . . Time . | . . . . . Total Robot Build Rating . | . . . . . Part Schematics Acquired . | . . . . . Parts Built . | . . . . . Authchips . | . . . . . Time . | . . . . . Total Part Build Rating . | . . . . . Part Studies Acquired . | . . . . . Parts Repaired . | . . . . . Time . | . . . . . Parts Recycled . | . . . . . Recycled Matter . | . . . . . Retrieved Matter . | . . . . . Retrieved Components . | . . . . . Parts Scanalyzed . | . . . . . Part Schematics Acquired . | . . . . . Parts Damaged . | . . . . . Bothacking | -11 -10 -10 -9 -9 ------------ Run | Yrd Mat Min Mat Min Used RIF Installer . | . . . . . Robots Hacked . | . . . . . Non-combat . | . . . . . Combat . | . . . . . Robot Hacks Applied . | . . . . . Relay Couplers Released . | . . . . . Fabnet Peak Effective % . | . . . . . Robots Rewired . | . . . . . Allies Hacked . | . . . . . Hacks Repelled . | . . . . . Allies | -11 -10 -10 -9 -9 -------- Run | Yrd Mat Min Mat Min Total Allies . | . . . . . Largest Group . | . . . . . Highest-Rated Group . | . . . . . Highest-Rated Ally . | . . . . . Total Orders . | . . . . . Ally Attacks . | . . . . . Total Damage . | . . . . . Kills . | . . . . . Allies Corrupted . | . . . . . Allies Melted . | . . . . . Intel | -11 -10 -10 -9 -9 ------- Run | Yrd Mat Min Mat Min Active Infowar (turns) 1139 | 12 615 . 317 195 Sensors 512 | . . . 317 195 Seismic 910 | 12 615 . 92 191 Robot Analysis Total 1 | . 1 . . . Derelict Logs Recovered 2 | . . . . 2 Drone Launches . | . . . . . Drone Recoveries . | . . . . . Exploration | -11 -10 -10 -9 -9 ------------- Run | Yrd Mat Min Mat Min Turns Passed 1581 | 166 680 211 329 195 Spaces Moved 1037 | 94 408 183 217 135 Core . | . . . . . Treads 192 | 1 190 . . 1 Legs 88 | 88 . . . . Wheels 757 | 5 218 183 217 134 Hover . | . . . . . Flight . | . . . . . Fastest Speed 95 | 95 95 110 110 125 Average Speed 127 | 119 140 110 124 125 Slowest Speed 240 | 160 240 110 125 240 Overloaded Moves . | . . . . . Propulsion Burnouts . | . . . . . Robots Hopped . | . . . . . Potential Cave-ins . | . . . . . Cave-ins Triggered . | . . . . . Exploration Rate (%) 35 | 4 57 46 34 34 Regions Visited 4 Branch Regions 2 Pre-discovered Areas . | . . . . . Known Exits Taken . | . . . . . Unknown Exits Taken 4 | 1 1 1 1 . Scrap Searched 1 | . . 1 . . Spaces Dug . | . . . . . Terrain Destroyed 172 | . . 21 114 37 Melee . | . . . . . Projectile . | . . . . . AOE 172 | . . 21 114 37 Terrain Rammed . | . . . . . Walls Destroyed . | . . . . . Machines Disabled . | . . . . . Actions | -11 -10 -10 -9 -9 --------- Run | Yrd Mat Min Mat Min Total 1187 | 121 482 188 247 149 Wait 42 | . 40 . 1 1 Move 1033 | 93 407 182 216 135 Hop . | . . . . . Pick Up 18 | 4 8 1 2 3 Fast Attach 3 | 3 . . . . Attach 8 | . . . 6 2 Detach . | . . . . . Swap 8 | . 4 2 1 1 Drop 9 | 5 4 . . . Fire 66 | 16 19 3 21 7 Melee . | . . . . . Ram . | . . . . . Kick . | . . . . . Crush . | . . . . . Escape Stasis . | . . . . . Rewire . | . . . . . Trap . | . . . . . Miscellaneous . | . . . . . Route ------- -11/Scrapyard -10/Materials (discovered 3 exits: *Mat x2 / [*Min]) -10/Mines -9/Materials (discovered 2 exits: [*Min] / [*Sto]) -9/Mines History --------- Turn | Location | Event 1 | -11/Scrapyard | Discovered new exit (range 3) 167 | -11/Scrapyard | Entered Materials 318 | -10/Materials | Build established: Mutant 447 | -10/Materials | Discovered new exit (range 7) 555 | -10/Materials | Discovered new exit (range 5) 660 | -10/Materials | Discovered new exit (range 13) 767 | -10/Materials | Derelicts attacked the area 847 | -10/Materials | Entered Mines 852 | -10/Mines | Met a Derelict bent on vengeance 944 | -10/Mines | Received a Rocket Launcher from a helpful Derelict 995 | -10/Mines | Found a Scrap Suit stashed away for nefarious purposes 1027 | -10/Mines | A weapon hastily lodged in a ceiling crevice suddenly fell to the ground 1039 | -10/Mines | Discovered new exit (range 14) 1058 | -10/Mines | Entered Materials 1058 | -9/Materials | Evolved 2 slots: Propulsion x1, Utility x1 1264 | -9/Materials | Discovered new exit (range 8) 1265 | -9/Materials | Destroyed 7 combat bots 1286 | -9/Materials | Discovered new exit (range 11) 1387 | -9/Materials | Entered Mines 1485 | -9/Mines | Learned location of 1 exit from Materials 1487 | -9/Mines | Learned 2 Materials zone layouts 1512 | -9/Mines | Assembled infested the area 1577 | -9/Mines | Core integrity fell below 50% 1581 | -9/Mines | Core integrity fell below 20% 1582 | -9/Mines | Destroyed by D-53 Grenadier with Mini Grenade Launcher Last Messages --------------- 01487_ Acquired derelict log, extracted data. Data stored: Materials zone layouts (x2). 01500_ K-01 Serf collects debris. 01512_ ALERT: Infestation in the mines, dispatching Demolisher response squad. 01545_ C-45 Heavy ARC bursts open, deploying its payload. 01545_ D-53 Grenadier unfolds itself. 01565_ Wheel destroyed. 01565_ Destroyed Wheel. 01570_ Ion Engine destroyed. 01570_ Lgt. Treads destroyed. 01572_ The unstable cave ceiling collapses. 01572_ Grenade Launcher destroyed. 01573_ The unstable cave ceiling collapses. 01578_ Seismic Detector destroyed. 01578_ Lgt. Assault Rifle destroyed. 01579_ The unstable cave ceiling collapses. 01582_ Lgt. Treads destroyed. 01582_ Sensor Array destroyed. Map ----- +----------------------------------------------------+ | ??????????????????????????????# #?????????? | | ??????????????????????????????# #?????????? | | ??????????????????????#####???# #??????????? | | ??????????????????????# #???# ##?????????? | | ????????????????###???# #???# ##?????????? | | ???????????????## ####! #???# #?????????? | | ???????????????# ## #???##### ####?????????? | | ???????????????# #???????# ###??????????? | | ????????????????# ##??###??# #??????????? | | ????????????????# ##??## ##?### #??????????? | | ????????????????# ## #???# ##??# #??????????? | | ????????????????# ### ##### #### #??????????? | | ????????????????# #?# ? ## #??????????? | | ????????????????## ##?# #####[ ! # ### #???? | | ?????????????????##???# #???## ? #????? | | ??????????????????????# #????## ##????? | | ?????????????###??????# #?????## #### #?????? | | ?????????##### ?????# #??????## ##???# ##?????? | | ???????? ###?# #???????####?????##??????? | | ???????? ## ##???????????????????????? | | ???????? #######?????????????????? | | ???????? # #####?????????????? | | ??????????"" #?????????????? | | ??????????"" #?????????????? | | ??????????"" d #?????????????? | | ????????? # @ d #?????????????? | | ??????????## #### #?????????????? | | ???????????### ???# # #????????????? | | ?????????????## ????# # #?#????????????# | | ??????????????# ?????### ### #?????######### | | ??????????????#????????#######?# #?????? | | ???????????????????????????????# #####?? | | ???????????????????????????????# #??? # | | ???????????????????????????????##### #??## #? | | ???????????????????????????????????# #??# #?? | | ???????????????????????????????????# #??# #?? | | ???????????????????????????????????# #??# #?? | | ???????????????????????????????????# #??# #??? | | ?????????????????????????????????### #### ##??? | | ????????????????????????????????## % ## ##???? | | ??????????????????????????????### ##???? | | ???????????????????????????# #???? | | ???????????????????????????# #??? | | ???????????????????????????######## #?? | | ??????????????????????????????????#### #? | | ?????????????????????????????????????## #? | | ??????????????????????????????????????## ##? | | ???????????????????????????????????????# ##?? | | ??????????????????????????????????????? ##??? | | ??????????????????????????????????????? ##???? | +----------------------------------------------------+ Best States ------------- Heat Dissipation 28 Energy Generation 10 Energy Capacity 250 Matter Stores 300 Matter Capacity 300 Sight Range 16 Robot Scan Range 14 Terrain Scan Density 10 Armor Coverage 150 Evasion (%) 55 Recoil Reduction 1 Item Schematics ----------------- None Robot Schematics ------------------ None Fabricated ------------ Nothing Repaired ---------- Nothing Studied --------- None Alien Tech Used ----------------- None Achievements -------------- None Challenges ------------ None Game ------ Seed InertialMetaWyrmplate Manual? 0 Play Time 00:20:12 Cumulative 27.6 hours Start 2026.07.21 @ 18:53:38 End 2026.07.21 @ 19:13:22 Sessions 1 Manual Loads 0 Difficulty Rogue Special Mode None Game No. 35 Rogue 35 Adventurer 0 Explorer 0 Win Type - Total 0 Types 0/0/0/0/0/0/0/0/0/0 Lore% 22 Gallery% 20 Achievement% 21 Wizard Run 0 Options --------- Layout 2 ASCII 0 Keyboard 1 Movement Numpad Keybinds 1 Fullscreen 2 Font 24/Terminus Map View 50x44 Zoom Use 0% Tactical HUD 1 Map Filters NONE Filters LOW_CONTRAST(18,8,8)|SATURATION(90)|BRIGHTNESS(90) Steam 1 RUN: 1c544fde-9cdf-40e3-8184-3ca06c256640